 Seeded DCSS version 0.30.0-19-g36f170ea60 (webtiles) character file.

Game seed: 7229806256980976716 (custom seed)

2 RascalDebosk the Magician (level 1, 15/15 HPs)
             Began as a Djinni Air Elementalist on May 31, 2023.
             Quit the game on level 1 of the Dungeon.
             The game lasted 00:01:44 (82 turns).

RascalDebosk the Magician (Djinni Air Elementalist)   Turns: 82, Time: 00:01:45

Health: 15/15      AC:  2    Str:  7    XL:     1   Next: 44%
Gold:   545        EV: 12    Int: 16    God:
                   SH:  0    Dex: 13

rFire   + + .        (no weapon)
rCold   x . .        (no shield)
rNeg    . . .        a - +0 robe
rPois   ∞            (no helmet)
rElec   .            (no cloak)
rCorr   +            (no gloves)
SInv    .            (boots unavailable)
Will    .....        (no amulet)
Stlth   ++           e - ring of Wymaih {+Blink rCorr}
HPRegen 0.22/turn    (no ring)
MPRegen 0.00/turn

%: no passive effects
@: flying
A: sickness immunity, fire resistance 2, cold vulnerability 1, float, innate
caster, HP casting, extra vitality 1
a: Evoke Blink


You were on level 1 of the Dungeon.
You visited 1 branch of the dungeon, and saw 1 of its levels.

You collected 545 gold pieces.

Inventory:

Missiles
 b - a throwing net {@!f}
Armour
 a - a +0 robe (worn)
Jewellery
 e - the ring of Wymaih (left hand) {+Blink rCorr}
   (You acquired it on level 1 of the Dungeon)

   [ring of resist corrosion]

   +Blink:    It lets you blink.
   rCorr:     It protects you from acid and corrosion.
Scrolls
 c - 2 scrolls of amnesia {unknown}
 d - a scroll of acquirement


   Skills:
 - Level 2.1 Dodging
 - Level 1.5 Stealth
 + Level 2.5 Spellcasting


You knew the following spells:

 Your Spells              Type           Power      Damage    Failure   Level
a - Shock                 Conj/Air       40%        1d5       7%          1
b - Static Discharge      Conj/Air       20%        2-3/arc   11%         2
c - Swiftness             Air            10%        N/A       21%         3
d - Airstrike             Air            5%         2d(1-17)  56%         4
Your spell library was empty.

Dungeon Overview and Level Annotations

Branches:
Dungeon (1/15)

Altars:


Innate Abilities, Weirdness & Mutations

You are immune to sickness and miasma.
You are immune to poison.
Your flesh is very heat resistant. (rF++)
You are vulnerable to cold. (rC-)
You float through the air rather than walking.
You learn spells naturally, not from books.
Your magical power is your life essence.
You have superior vitality. (+4 MHP)


Message History

Lua error: /dgldir/rcfiles/crawl-0.30/RascalDebosk.rc:334: '' expected near 'end' Welcome, RascalDebosk the Djinni Air Elementalist.
Game seed: 7229806256980976716 (custom seed) Press ? for a list of commands and other information.
Found a faded altar of an unknown god.
Found two stairs.
You begin with the following spells memorised: Shock, Static Discharge, Swiftness, Airstrike.
You reach down and open the door.
There is an open door here.
A hobgoblin comes into view.
Found a throwing net.
Cast which spell? (? or * to list)
Aiming: Shock (safe; 8% risk of failure)
Press: ? - help, Shift-Dir - straight line, f - hobgoblin
Aim: a hobgoblin (asleep, 100% to hit)
The zap hits the hobgoblin.
The hobgoblin is severely wounded.
Casting: Shock (safe; 8% risk of failure)
Confirm with . or Enter, or press ? or * to list all spells.
Aiming: Shock (safe; 8% risk of failure)
Press: ? - help, Shift-Dir - straight line, f/p - hobgoblin
Aim: a hobgoblin (severely wounded, 68% to hit)
The zap hits the hobgoblin.
The hobgoblin is almost dead.
The zap hits the hobgoblin.
You kill the hobgoblin!
HP restored.
b - a throwing net {@!f} You now have 17 gold pieces.
c - 2 scrolls labelled FUSKUR VIKLOEP A quokka comes into view.
Casting: Shock (safe; 7% risk of failure)
Confirm with . or Enter, or press ? or * to list all spells.
Aiming: Shock (safe; 7% risk of failure)
Press: ? - help, Shift-Dir - straight line, f - quokka
Aim: a quokka (asleep, 100% to hit)
The zap hits the quokka.
The quokka is lightly wounded.
Casting: Shock (safe; 7% risk of failure)
Confirm with . or Enter, or press ? or * to list all spells.
Aiming: Shock (safe; 7% risk of failure)
Press: ? - help, Shift-Dir - straight line, f/p - quokka
Aim: a quokka (lightly wounded, 56% to hit)
The zap hits the quokka.
The quokka is moderately wounded.
Casting: Shock (safe; 7% risk of failure)
Confirm with . or Enter, or press ? or * to list all spells.
Aiming: Shock (safe; 7% risk of failure)
Press: ? - help, Shift-Dir - straight line, f/p - quokka
Aim: a quokka (moderately wounded, 56% to hit)
The zap misses the quokka.
Casting: Shock (safe; 7% risk of failure)
Confirm with . or Enter, or press ? or * to list all spells.
Aiming: Shock (safe; 7% risk of failure)
Press: ? - help, Shift-Dir - straight line, f/p - quokka
Aim: a quokka (moderately wounded, 56% to hit)
The zap hits the quokka.
You kill the quokka!
Found 3 stones.
d - 3 scrolls labelled RAGIOR NADERHA This is a scroll of acquirement!
Something appears before you!
e - the ring of Wymaih (left hand) {+Blink rCorr} Something appears before you!
You now have 545 gold pieces (gained 528).
Are you sure you want to abandon this character and quit the game? (Confirm with "yes".)

############.#
#.# #.# #.#
##########.#
#..........# #
#.##########
#(#######.#
#..@......#
###########


There were no monsters in sight!

Vanquished Creatures
  A hobgoblin (D:1)
  A quokka (D:1)
2 creatures vanquished.

Notes
Turn   | Place    | Note
-------+----------+-------------------------------------------
     0 | D:1      | RascalDebosk the Djinni Air Elementalist began the quest
                  | for the Orb.
     0 | D:1      | RascalDebosk set off with the following spells memorised:
                  | Shock, Static Discharge, Swiftness, Airstrike.
     0 | D:1      | Reached XP level 1. HP: 15/15 MP: 0/0
    78 | D:1      | Identified 3 scrolls of acquirement
    78 | D:1      | Acquired the ring of Wymaih {+Blink rCorr}
    80 | D:1      | Acquired 528 gold pieces
    82 | D:1      | Quit the game

Illustrated notes

Levels and vault maps discovered:
D:1:      spicycebolla_arrival_ecumenical, layout_loops_ring

Action                     || total
---------------------------++-------
   Cast: Shock             ||     6
    Use: Scroll            ||     2
